 Dungeon Crawl Stone Soup version 0.17.0-73-gb648821 (webtiles) character file.

830 Phr33k the Skirmisher (level 7, 0/56 HPs)
             Began as a Demonspawn Abyssal Knight on Dec 10, 2015.
             Was a Believer of Lugonu.
             Succumbed to an adder's poison
             ... on level 4 of the Dungeon.
             The game lasted 00:26:00 (4849 turns).

Phr33k the Skirmisher (Demonspawn Abyssal Knight)   Turns: 4849, Time: 00:26:00

Health: 0/56       AC:  9    Str: 14    XL:     7   Next: 65%
Magic:  1/9        EV:  5    Int: 13    God:    Lugonu [**....]
Gold:   183        SH:  0    Dex: 13    Spells: 0 memorised, 6 levels left

rFire  . . .     SeeInvis .     a - +1 hand axe
rCold  . . .     Clarity  .     t - +0 chain mail
rNeg   . . .     SustAt   .     (no shield)
rPois  .         Gourm    .     (no helmet)
rElec  .         Spirit   +     l - +0 cloak
rCorr  .         Warding  .     (no gloves)
rMut   .         Stasis   .     (no boots)
MR     .....                    (no amulet)
Stlth  ..........               (no ring)
                                (no ring)

@: lethally poisoned (0 -> -6), very heavily drained, not resistant to hostile
enchantments, extremely unstealthy
A: claws 1, powered by death 1, magic shield
a: Depart the Abyss, Bend Space, Renounce Religion


You were on level 4 of the Dungeon.
You worshipped Lugonu.
Lugonu was pleased with you.
You were very full.

You visited 1 branch of the dungeon, and saw 5 of its levels.
You visited the Abyss 1 time.
You also visited: Sewer.

You collected 183 gold pieces.

Inventory:

Hand Weapons
 a - a +1 hand axe (weapon)
Armour
 l - a +0 cloak (worn)
 t - a +0 chain mail (worn)
Wands
 u - a wand of digging (3)
Scrolls
 e - 2 scrolls of blinking
 f - 2 scrolls of teleportation {unknown}
 h - a scroll of random uselessness {unknown}
 j - a scroll of magic mapping {unknown}
 k - a scroll of remove curse
 m - a scroll of recharging
 o - a scroll of fear {unknown}
 w - a scroll of noise {unknown}
Potions
 b - a potion of flight
 c - a potion of cancellation {unknown}
 p - a potion of magic {unknown}
 q - a potion of might {unknown}
 r - a potion of haste {unknown}
 s - a potion of curing {unknown}
Comestibles
 d - 2 beef jerkies
 g - a slice of pizza
 i - 3 bread rations


   Skills:
 + Level 5.1(0.0) Fighting
 + Level 3.9(0.0) Axes
 + Level 4.3(0.0) Armour
 + Level 3.7(0.0) Dodging
 + Level 0.2(0.0) Stealth
 + Level 3.3(0.0) Invocations


You had 6 spell levels left.
You didn't know any spells.

Dungeon Overview and Level Annotations

Branches:
Dungeon (5/15)
 Temple: D:4-7

Altars:

Annotations:
D:4 Menkaure
D:5 Pikel


Innate Abilities, Weirdness & Mutations

You have sharp fingernails.
You regenerate a little health from kills.
When hurt, damage is shared between your health and your magic reserves.


Message History

* * * LOW HITPOINT WARNING * * *
You feel sick.
You are no longer poisoned.
The adder bites you.
* * * LOW HITPOINT WARNING * * *
You are poisoned.
The adder poisons you!
You feel sick. The adder closely misses you. The adder barely misses you.
The adder bites you.
* * * LOW HITPOINT WARNING * * *
You feel sick. The adder bites you but does no damage.
The adder bites you but does no damage. x2
The adder bites you but does no damage.
You feel sick. The adder barely misses you.
The adder bites you but does no damage. The adder bites you.
* * * LOW HITPOINT WARNING * * *
The adder bites you.
You are more poisoned.
The adder poisons you!
You die...

.....#
#.#
.....#
#.#
.....#
#.#
'#####
#.#######
.#
#.......#
# .#
#######.#
.# .#
#.##.# .#
#....# .#
##@#.# .#
#S# # .#
#.. .#
#... .#
#.... .#
#..... .#
##....#
.# ....#
.#


You could see an adder.

Vanquished Creatures
  Edmund (D:5)
  A phantom (D:5)
  An ogre (D:5)
  The ghost of bezhaha the Poker, an amateur DgGl (D:3)
  A scorpion (D:4)
  A killer bee (D:4)
  A gnoll shaman (D:4)
  Terence (D:3)
  3 worker ants
  8 adders
  6 gnolls (D:4)
  An ooze (D:3)
  2 worms (D:3)
  2 giant geckos
  6 orcs
  6 bats
  7 giant cockroaches
  14 goblins
  7 hobgoblins
  4 kobolds
  7 ball pythons
  A ball python skeleton (D:5)
  A giant cockroach zombie (D:5)
  A giant gecko zombie (D:5)
  6 giant newts
  A jackal (D:4)
  2 quokkas
  14 rats
107 creatures vanquished.

Vanquished Creatures (others)
  A giant gecko (D:5)
1 creature vanquished.

Grand Total: 108 creatures vanquished

Notes
Turn   | Place    | Note
--------------------------------------------------------------
     0 | Abyss:1  | Phr33k the Demonspawn Abyssal Knight began the quest for the Orb.
     0 | Abyss:1  | Reached XP level 1. HP: 18/18 MP: 2/2
     0 | D:1      | Escaped the Abyss
   339 | D:1      | Reached skill level 1 in Dodging
   345 | D:1      | Gained mutation: You regenerate a little health from kills. [demonic ancestry]
   345 | D:1      | Reached XP level 2. HP: 14/24 MP: 4/4
   634 | D:1      | Reached * piety under Lugonu
  1348 | D:2      | Gained mutation: When hurt, damage is shared between your health and your magic reserves. [demonic ancestry]
  1348 | D:2      | Reached XP level 3. HP: 19/29 MP: 5/5
  1826 | D:3      | Reached XP level 4. HP: 30/37 MP: 6/6
  1926 | D:3      | Found a glowing drain.
  1930 | Sewer    | Entered a sewer
  1971 | Sewer    | Reached ** piety under Lugonu
  2191 | Sewer    | Reached skill level 4 in Fighting
  2424 | D:3      | Reached XP level 5. HP: 35/42 MP: 5/7
  2724 | D:3      | Noticed bezhaha's ghost (amateur DgGl)
  2770 | D:3      | Killed bezhaha's ghost
  2770 | D:3      | Reached XP level 6. HP: 26/49 MP: 5/8
  2903 | D:3      | Noticed Terence
  2919 | D:3      | Killed Terence
  3364 | D:4      | Reached *** piety under Lugonu
  3567 | D:4      | Noticed Menkaure
  3577 | D:5      | Entered Level 5 of the Dungeon
  3816 | D:5      | Gained mutation: You have sharp fingernails. [demonic ancestry]
  3816 | D:5      | Reached XP level 7. HP: 49/55 MP: 1/9
  3860 | D:5      | Reached skill level 5 in Fighting
  3988 | D:5      | Noticed Edmund
  4027 | D:5      | Killed Edmund
  4227 | D:5      | Noticed Pikel
  4277 | D:5      | HP: 1/56 [giant frog skeleton (3)]
  4847 | D:4      | HP: 1/56 [adder (2)]
  4849 | D:4      | Succumbed to an adder's poison

Action                   |  1- 3 |  4- 6 |  7- 9 || total
-------------------------+-------+-------+-------++-------
Melee: Hand axe          |   145 |   355 |   105 ||   605
Invok: Depart the Abyss  |     1 |       |       ||     1
       Bend Space        |       |     1 |     1 ||     2
       Banish            |       |       |     3 ||     3
  Use: Scroll            |     5 |     4 |     1 ||    10
       Potion            |       |     8 |     2 ||    10
 Stab: Sleeping          |     1 |       |       ||     1
  Eat: Bread ration      |     1 |     1 |       ||     2
       Pizza             |     1 |     1 |       ||     2
       Meat ration       |       |     1 |     1 ||     2
